 Dungeon Crawl Stone Soup version 0.17.1-3-g152610e (webtiles) character file.

3685 macross the Covert (level 9, -3/44 HPs)
             Began as a Spriggan Assassin on Apr 23, 2016.
             Was an Elder of Dithmenos.
             Killed by divine providence
             ... invoked by an orc priest
              (14 damage)
             ... on level 8 of the Dungeon.
             The game lasted 00:31:26 (6797 turns).

macross the Covert (Spriggan Assassin)              Turns: 6797, Time: 00:31:36

Health: -3/44      AC:  3    Str:  7    XL:     9   Next: 90%
Magic:  10/10      EV: 26    Int: 12    God:    Dithmenos [****..]
Gold:   352        SH:  0    Dex: 21    Spells: 0 memorised, 8 levels left

rFire  + . .     SeeInvis +     j - +3 falchion (elec)
rCold  x . .     Clarity  .     c - +0 robe
rNeg   . . .     SustAt   .     (shield restricted)
rPois  .         Gourm    .     (helmet restricted)
rElec  .         Spirit   .     L - +0 cloak
rCorr  .         Warding  .     (gloves unavailable)
rMut   .         Stasis   .     (boots unavailable)
MR     +....                    l - amulet of regeneration
Stlth  +++++++++.               (no ring)
                                U - ring of fire

@: wreathed by umbra, very quick, somewhat resistant to hostile enchantments,
incredibly stealthy
A: unfitting armour, see invisible, herbivore 3, speed 3, mutation resistance 1,
slow metabolism 2
a: Shadow Step, Renounce Religion


You were on level 8 of the Dungeon.
You worshipped Dithmenos.
Dithmenos was greatly pleased with you.
You were not hungry.

You visited 2 branches of the dungeon, and saw 9 of its levels.
You also visited: Sewer.

You collected 352 gold pieces.

Inventory:

Hand Weapons
 a - a +2 dagger
 b - a +0 blowgun
 i - a +2 dagger of holy wrath
 j - a +3 falchion of electrocution (weapon)
 s - a +4 hunting sling
 x - a -2 dagger
 y - a +2 falchion of pain
 G - a +2 dagger of flaming
Missiles
 e - 20 poisoned needles
 f - 4 curare-tipped needles
 M - 6 needles of frenzy
Armour
 c - a +0 robe (worn)
 d - a +0 cloak
 L - a +0 cloak (worn)
 R - a +0 cloak
Jewellery
 l - an amulet of regeneration (around neck)
 p - an uncursed amulet of resist corrosion
 A - an uncursed amulet of warding
 U - a ring of fire (left hand)
Wands
 u - a wand of slowing (21)
 v - a wand of disintegration (1)
 K - a wand of polymorph (10)
 N - a wand of hasting (3)
 P - a wand of random effects (21)
Scrolls
 m - 3 scrolls of magic mapping
 n - 2 scrolls of teleportation
 q - a scroll of summoning
 r - 4 scrolls of remove curse
 z - 2 scrolls of random uselessness
 B - 2 scrolls of blinking
 F - 2 scrolls of amnesia
 H - a scroll of fog {unknown}
 Q - a scroll of noise {unknown}
 V - a scroll of enchant armour
Potions
 h - 2 potions of flight {unknown}
 k - a potion of haste
 o - 4 potions of ambrosia
 t - a potion of beneficial mutation
 w - 3 potions of curing
 D - a potion of magic
 E - a potion of brilliance
 I - 3 potions of degeneration {unknown}
 O - 2 potions of lignification {unknown}
 S - a potion of might {unknown}
 T - 2 potions of heal wounds {unknown}
Miscellaneous
 C - an ornate deck of defence
Comestibles
 g - 7 bread rations
 J - 13 fruits


   Skills:
 + Level 3.4 Fighting
 * Level 6.0(7.1) Short Blades
 * Level 4.4(5.3) Long Blades
 * Level 4.8 Throwing
 + Level 8.4 Dodging
 * Level 14.0 Stealth
 + Level 0.3 Evocations


You had 8 spell levels left.
You didn't know any spells.

Dungeon Overview and Level Annotations

Branches:
Dungeon (8/15)             Temple (1/1) D:7
   Lair: D:8-11

Altars:
Ashenzari
Cheibriados
Dithmenos
Elyvilon
Fedhas
Gozag
Kikubaaqudgha
Makhleb
Nemelex Xobeh
Okawaru
Qazlal
Ru
Sif Muna
Vehumet
Xom
Yredelemnul
Zin
The Shining One

Shops:
D:6 :   D:8 :


Innate Abilities, Weirdness & Mutations

You are tiny and cannot use many weapons and most armour.
You have supernaturally acute eyesight.
You are a herbivore.
You cover ground extremely quickly.
You need consume almost no food.
You are somewhat resistant to further mutation.


Message History

The orc wizard hits you but does no damage.
The orc warrior completely misses you.
You hit the orc wizard.
There is a sudden explosion of sparks!
You kill the orc wizard!
Dithmenos accepts your kill.
Your base Short Blades skill increases to level 6!
The orc priest closely misses you.
The orc warrior hits you with a short sword!
You barely miss the orc warrior.
The orc warrior is lightly wounded.
The orc priest completely misses you. The orc warrior closely misses you.
The orc warrior misses you.
The orc priest hits you but does no damage.
You slash the orc warrior!
The orc warrior is moderately wounded.
The orc warrior hits you with a short sword!
* * * LOW HITPOINT WARNING * * *
The orc priest invokes the aid of Beogh against you.
Something smites you!
You die...

............##.................##
............##.................#
............##.######.......)).#
............##.#...##.#........#
###.........##.#......#.########
###.........'..#....#...####
#...........####....#.#....#
#...####'#######....#..).#.#
#...####.#......@...###..#+###
#...##...#.#####o..............
#...##.### #....o.$#####.......
.......# #.......### .......
.......# #.........# .......
.......# #...)...#.# .......
.......# #.......+.# .......
.......# #.......# # .......
.......+ #........


You could see an orc warrior and an orc priest.

Vanquished Creatures
  Pikel (D:8)
  A spriggan (D:7)
  A sky beast (D:6)
  8 ogres
  2 ice beasts
  2 orc warriors
  4 phantoms
  2 slaves (D:8)
  A centaur (D:5)
  6 giant frogs
  A scorpion (D:8)
  3 wights (D:8)
  2 crimson imps (D:5)
  An iguana (D:7)
  A jelly (D:5)
  An orc priest (D:3)
  A centaur skeleton (D:7)
  3 hounds
  4 orc wizards
  2 giant frog skeletons
  Terence (D:2)
  3 worker ants
  A killer bee zombie (D:6)
  4 gnolls (D:7)
  Robin (D:4)
  16 adders
  A shadow imp (D:5)
  12 oozes (Sewer)
  2 worms
  20 giant geckos
  13 orcs
  4 bats
  15 giant cockroaches
  9 hobgoblins
  9 jackals
  2 quokkas
  8 ball pythons
  A ball python skeleton (D:4)
  19 giant newts
  20 goblins
  A jackal zombie (D:6)
  6 kobolds
  14 rats
  A bush (D:3)
230 creatures vanquished.

Notes
Turn   | Place    | Note
--------------------------------------------------------------
     0 | D:1      | macross the Spriggan Assassin began the quest for the Orb.
     0 | D:1      | Reached XP level 1. HP: 10/10 MP: 2/2
    44 | D:2      | Reached skill level 6 in Stealth
    55 | D:2      | Noticed Terence
    62 | D:2      | Killed Terence
    62 | D:2      | Reached skill level 7 in Stealth
    62 | D:2      | Reached XP level 2. HP: 14/14 MP: 3/3
    78 | D:2      | Reached XP level 3. HP: 18/18 MP: 4/4
   633 | D:1      | Reached XP level 4. HP: 22/22 MP: 5/5
   642 | D:1      | Reached skill level 8 in Stealth
  1322 | D:3      | Noticed an ogre
  1328 | D:3      | Killed an ogre
  1328 | D:3      | Reached skill level 9 in Stealth
  1328 | D:3      | Reached XP level 5. HP: 24/26 MP: 6/6
  1413 | D:3      | Found a glowing golden altar of the Shining One.
  1472 | D:3      | Reached skill level 1 in Long Blades
  1739 | D:3      | Found a sacrificial altar of Ru.
  1739 | D:3      | Found a shadowy altar of Dithmenos.
  1740 | D:3      | Found an ancient bone altar of Kikubaaqudgha.
  1765 | D:3      | Became a worshipper of Dithmenos the Shadowed
  2081 | D:3      | Found a glowing drain.
  2106 | D:3      | Reached XP level 6. HP: 24/30 MP: 7/7
  2139 | Sewer    | Entered a sewer
  2227 | Sewer    | Reached * piety under Dithmenos
  2487 | Sewer    | Reached ** piety under Dithmenos
  2521 | Sewer    | Reached skill level 10 in Stealth
  2962 | D:4      | Reached XP level 7. HP: 35/35 MP: 8/8
  3290 | D:4      | Reached skill level 5 in Dodging
  3306 | D:4      | Noticed Robin
  3335 | D:4      | Reached *** piety under Dithmenos
  3355 | D:4      | Killed Robin
  3719 | D:5      | Entered Level 5 of the Dungeon
  3733 | D:5      | Found a shadowy altar of Dithmenos.
  3980 | D:5      | Reached XP level 8. HP: 39/39 MP: 9/9
  4138 | D:5      | Reached skill level 11 in Stealth
  4356 | D:5      | Found a blossoming altar of Fedhas.
  4360 | D:5      | Found a basalt altar of Yredelemnul.
  4374 | D:5      | Found a white marble altar of Elyvilon.
  4377 | D:5      | Found a shimmering altar of Xom.
  4384 | D:5      | Found a glowing silver altar of Zin.
  4654 | D:6      | Reached skill level 12 in Stealth
  4877 | D:6      | Found Ikiymn's Book Shoppe.
  4940 | D:6      | Reached skill level 5 in Short Blades
  4973 | D:6      | Found a shadowy altar of Dithmenos.
  4985 | D:6      | Reached XP level 9. HP: 44/44 MP: 10/10
  5205 | D:7      | Found a snail-covered altar of Cheibriados.
  5215 | D:7      | Reached **** piety under Dithmenos
  5539 | D:7      | Reached skill level 13 in Stealth
  5768 | D:7      | Found a staircase to the Ecumenical Temple.
  6210 | Temple   | Entered the Ecumenical Temple
  6389 | D:8      | Noticed Pikel
  6436 | D:8      | Gained mutation: You are somewhat resistant to further mutation. [potion of beneficial mutation]
  6485 | D:8      | Killed Pikel
  6548 | D:8      | Found Qixku's Book Emporium.
  6567 | D:8      | Found a shattered altar of Ashenzari.
  6757 | D:8      | Reached skill level 14 in Stealth
  6797 | D:8      | Killed from afar by an orc priest

Action                   |  1- 3 |  4- 6 |  7- 9 || total
-------------------------+-------+-------+-------++-------
Melee: Dagger            |     3 |   294 |    41 ||   338
       Falchion          |    41 |   154 |   315 ||   510
Evoke: Wand              |       |     3 |       ||     3
  Use: Scroll            |       |     2 |    11 ||    13
       Potion            |       |       |     7 ||     7
 Stab: Sleeping          |    10 |    29 |    40 ||    79
       Distracted        |       |     1 |     2 ||     3
  Eat: Fruit             |       |     2 |     3 ||     5
       Bread ration      |       |       |     1 ||     1
